Workbook

Sheet ipc empalme ipim
A1: RESOLUCIÓN TÉCNICA N° 6 "ESTADOS CONTABLES EN MONEDA HOMOGENEA" ÍNDICE DEFINIDO POR LA RESOLUCIÓN DE JG 539/18
A3: MES | B3: IPC NACIONAL EMPALME IPIM
A4: 33970 | B4: 7.4670667
A5: 34001 | B5: 7.5009994
A6: 34029 | B6: 7.5228554
A7: 34060 | B7: 7.5619708
A8: 34090 | B8: 7.5379825
A9: 34121 | B9: 7.5522869
A10: 34151 | B10: 7.5600077
A11: 34182 | B11: 7.5932269
A12: 34213 | B12: 7.5641673
A13: 34243 | B13: 7.5769305
A14: 34274 | B14: 7.5110624
A15: 34304 | B15: 7.4488594
... A315: 43435 | B315: 184.2552

Sheet Planteo general
A1: Descripción | B1: 43070 | C1: 43101 | D1: 43132 | E1: 43160 | F1: 43191 | G1: 43221 | H1: 43252 | I1: 43282 | J1: 43313 | K1: 43344 | L1: 43374 | M1: 43405 | N1: 43435
A2: Caja & bancos - Moneda local | B2: 1912.3 | C2: 2133.3 | D2: 1869.3 | E2: 1487.3 | F2: 991.76724 | G2: 918.73449 | H2: 920.70173 | I2: 1027.169 | J2: 1042.1362 | K2: 1020.1035 | L2: 655.07071 | M2: 785.03795 | N2: 767.0052 | O2: Cierre
A3: Caja & bancos - Moneda extranjera | B3: 0 | C3: 0 | D3: 0 | E3: 400 | F3: =18*25 -> 450 | G3: =18*30 -> 540 | H3: =18*35 -> 630 | I3: =18*39 -> 702 | J3: =18*40.5 -> 729 | K3: =18*36 -> 648 | L3: =18*35.5+10*35.5 -> 994 | M3: =28*37 -> 1036 | N3: =28*38 -> 1064 | O3: Cierre
A4: Créditos por ventas | B4: 237 | C4: 117 | D4: 124 | E4: 233.5 | F4: 140 | G4: 150 | H4: 264.5 | I4: 175 | J4: 131 | K4: 150 | L4: 300 | M4: 263 | N4: 257 | O4: Cierre
A5: Bienes de cambio | B5: 165 | C5: 165 | D5: 165 | E5: 165 | F5: 165 | G5: 165 | H5: 165 | I5: 165 | J5: 165 | K5: 165 | L5: 165 | M5: 165 | N5: 165 | O5: Cierre
A6: Compras | B6: 0 | C6: 88 | D6: 182 | E6: 281 | F6: 387 | G6: 501 | H6: 623 | I6: 736 | J6: 835 | K6: 949 | L6: 1176 | M6: 1375 | N6: 1590 | O6: Anterior
A7: Bienes de uso - costo de origen | B7: 1143 | C7: 1143 | D7: 1143 | E7: 1143 | F7: 1493 | G7: 1493 | H7: 1493 | I7: 1493 | J7: 1493 | K7: 1493 | L7: 1493 | M7: 1493 | N7: 1493 | O7: Anterior
A8: Bienes de uso - depreciación acumulada | B8: -219.3 | C8: =$B$8-C20 -> -227.28333 | D8: =$B$8-D20 -> -235.26667 | E8: =$B$8-E20 -> -243.25 | F8: =$B$8-F20 -> -251.23333 | G8: =$B$8-G20 -> -259.21667 | H8: =$B$8-H20 -> -267.2 | I8: =$B$8-I20 -> -275.18333 | J8: =$B$8-J20 -> -283.16667 | ... N8: =$B$8-N20 -> -315.1 | O8: Anterior
A9: Cuentas comerciales por pagar | B9: -364 | C9: -452 | D9: -182 | E9: -193 | F9: -205 | G9: -220 | H9: -236 | I9: -235 | J9: -212 | K9: -213 | L9: -341 | M9: -426 | N9: -414 | O9: Cierre
A10: Pasivos financieros | B10: 0 | C10: 0 | D10: 0 | E10: 0 | F10: -346.00891 | G10: -341.8349 | H10: -337.46957 | I10: -332.90417 | J10: -328.12953 | K10: -323.13604 | L10: -317.91369 | M10: -312.45197 | N10: -306.73993 | O10: Cierre
A11: Impuesto a las ganancias a pagar | B11: -74 | C11: -74 | D11: -74 | E11: -74 | F11: -74 | G11: 0 | H11: 0 | I11: 0 | J11: 0 | K11: 0 | L11: 0 | M11: 0 | N11: -115 | O11: Cierre
A12: Pasivo por impuesto diferido | B12: 0 | C12: 0 | D12: 0 | E12: 0 | F12: 0 | G12: 0 | H12: 0 | I12: 0 | J12: 0 | K12: 0 | L12: 0 | M12: 0 | N12: 0
A13: Capital | B13: -1000 | C13: -1000 | D13: -1000 | E13: -1000 | F13: -1000 | G13: -1000 | H13: -1000 | I13: -1000 | J13: -1000 | K13: -1000 | L13: -1000 | M13: -1000 | N13: -1000
A14: Ajuste de capital | B14: -970 | C14: -970 | D14: -970 | E14: -970 | F14: -970 | G14: -970 | H14: -970 | I14: -970 | J14: -970 | K14: -970 | L14: -970 | M14: -970 | N14: -970
A15: Reserva legal | B15: -180 | C15: -180 | D15: -180 | E15: -180 | F15: -187.5 | G15: -187.5 | H15: -187.5 | I15: -187.5 | J15: -187.5 | K15: -187.5 | L15: -187.5 | M15: -187.5 | N15: -187.5
A16: Resultados acumulados | B16: -650 | C16: =B16 -> -650 | D16: =C16 -> -650 | E16: =D16 -> -650 | F16: =E16+7.5+600 -> -42.5 | G16: =F16 -> -42.5 | H16: =G16 -> -42.5 | I16: =H16 -> -42.5 | J16: =I16 -> -42.5 | K16: =J16 -> -42.5 | L16: =K16 -> -42.5 | M16: =L16 -> -42.5 | N16: =M16 -> -42.5
A17: Ventas | C17: -117 | D17: -241 | E17: -474.5 | F17: -614.5 | G17: -764.5 | H17: -1029 | I17: -1204 | J17: -1335 | K17: -1485 | L17: -1785 | M17: -2048 | N17: -2305
A18: Costo de ventas | C18: 0 | D18: 0 | E18: 0 | F18: 0 | G18: 0 | H18: 0 | I18: 0 | J18: 0 | K18: 0 | L18: 0 | M18: 0 | N18: 0
A19: Costos operativos | C19: 16 | D19: 33 | E19: 51 | F19: 70 | G19: 90 | H19: 112 | I19: 136 | J19: 154 | K19: 174 | L19: 215 | M19: 251 | N19: 285
A20: Depreciación del ejercicio | C20: 7.9833333 | D20: 15.966667 | E20: 23.95 | F20: 31.933333 | G20: 39.916667 | H20: 47.9 | I20: 55.883333 | J20: 63.866667 | K20: 71.85 | L20: 79.833333 | M20: 87.816667 | N20: 95.8
A21: Diferencias de cotización - moneda extranjera | F21: =-18*(25-22) -> -54 | G21: =-18*(30-22) -> -144 | H21: =-18*(35-22) -> -234 | I21: =-18*(39-22) -> -306 | J21: =-18*(40.5-22) -> -333 | K21: =-18*(36-22) -> -252 | L21: =-18*(35.5-22)-10*(35.5-35.5) -> -243 | M21: =-18*(37-22)-10*(37-35.5) -> -285 | N21: =-18*(38-22)-10*(38-35.5) -> -313
A22: Resultado de tenencia - Bienes de cambio | C22: 0 | D22: 0 | E22: 0 | F22: 0 | G22: 0 | H22: 0 | I22: 0 | J22: 0 | K22: 0 | L22: 0 | M22: 0 | N22: 0
A23: Costos financieros | C23: 0 | D23: 0 | E23: 0 | F23: 16.041667 | G23: 31.900408 | H23: 47.567841 | I23: 63.035197 | J23: 78.293305 | K23: 93.332575 | L23: 108.14298 | M23: 122.71402 | N23: 137.03474
A24: Impuesto a las ganancias | C24: 0 | D24: 0 | E24: 0 | F24: 0 | G24: 0 | H24: 0 | I24: 0 | J24: 0 | K24: 0 | L24: 0 | M24: 0 | N24: 115
A25: RECPAM | C25: 0 | D25: 0 | E25: 0 | F25: 0 | G25: 0 | H25: 0 | I25: 0 | J25: 0 | K25: 0 | L25: 0 | M25: 0 | N25: 0
A26: Control | B26: =ROUND(SUM(B2:B24),0) -> 0 | C26: =ROUND(SUM(C2:C24),0) -> 0 | D26: =ROUND(SUM(D2:D24),0) -> 0 | E26: =ROUND(SUM(E2:E24),0) -> 0 | F26: =ROUND(SUM(F2:F24),0) -> 0 | G26: =ROUND(SUM(G2:G24),0) -> 0 | H26: =ROUND(SUM(H2:H24),0) -> 0 | I26: =ROUND(SUM(I2:I24),0) -> 0 | ... N26: =ROUND(SUM(N2:N24),0) -> 0
A28: Descripción | B28: 43070 | C28: 43101 | D28: 43132 | E28: 43160 | F28: 43191 | G28: 43221 | H28: 43252 | I28: 43282 | J28: 43313 | K28: 43344 | L28: 43374 | M28: 43405 | N28: 43435
A29: Caja & bancos - Moneda local | B29: =VLOOKUP(A29,ES_INICIO!$1:$1048576,8,FALSE) -> 1912.3 | C29: =C2-B2 -> 221 | D29: =D2-C2 -> -264 | E29: =E2-D2 -> -382 | F29: =F2-E2 -> -495.53276 | G29: =G2-F2 -> -73.032756 | H29: =H2-G2 -> 1.9672442 | I29: =I2-H2 -> 106.46724 | J29: =J2-I2 -> 14.967244 | ... N29: =N2-M2 -> -18.032756
A30: Caja & bancos - Moneda extranjera | B30: =VLOOKUP(A30,ES_INICIO!$1:$1048576,8,FALSE) -> 0 | C30: =C3-B3 -> 0 | D30: =D3-C3 -> 0 | E30: =E3-D3 -> 400 | F30: =F3-E3 -> 50 | G30: =G3-F3 -> 90 | H30: =H3-G3 -> 90 | I30: =I3-H3 -> 72 | J30: =J3-I3 -> 27 | ... N30: =N3-M3 -> 28
A31: Créditos por ventas | B31: =VLOOKUP(A31,ES_INICIO!$1:$1048576,8,FALSE) -> 237 | C31: =C4-B4 -> -120 | D31: =D4-C4 -> 7 | E31: =E4-D4 -> 109.5 | F31: =F4-E4 -> -93.5 | G31: =G4-F4 -> 10 | H31: =H4-G4 -> 114.5 | I31: =I4-H4 -> -89.5 | J31: =J4-I4 -> -44 | ... N31: =N4-M4 -> -6
A32: Bienes de cambio | B32: =VLOOKUP(A32,ES_INICIO!$1:$1048576,8,FALSE) -> 165 | C32: =C5-B5 -> 0 | D32: =D5-C5 -> 0 | E32: =E5-D5 -> 0 | F32: =F5-E5 -> 0 | G32: =G5-F5 -> 0 | H32: =H5-G5 -> 0 | I32: =I5-H5 -> 0 | J32: =J5-I5 -> 0 | ... N32: =N5-M5 -> 0
A33: Compras | B33: =VLOOKUP(A33,ES_INICIO!$1:$1048576,8,FALSE) -> 0 | C33: =C6-B6 -> 88 | D33: =D6-C6 -> 94 | E33: =E6-D6 -> 99 | F33: =F6-E6 -> 106 | G33: =G6-F6 -> 114 | H33: =H6-G6 -> 122 | I33: =I6-H6 -> 113 | J33: =J6-I6 -> 99 | ... N33: =N6-M6 -> 215
A34: Bienes de uso - costo de origen | B34: =VLOOKUP(A34,ES_INICIO!$1:$1048576,8,FALSE) -> 2475.2973 | C34: =C7-B7 -> 0 | D34: =D7-C7 -> 0 | E34: =E7-D7 -> 0 | F34: =F7-E7 -> 350 | G34: =G7-F7 -> 0 | H34: =H7-G7 -> 0 | I34: =I7-H7 -> 0 | J34: =J7-I7 -> 0 | ... N34: =N7-M7 -> 0
A35: Bienes de uso - depreciación acumulada | B35: =VLOOKUP(A35,ES_INICIO!$1:$1048576,8,FALSE) -> -885.20968 | C35: =C8-B8 -> -7.9833333 | D35: =D8-C8 -> -7.9833333 | E35: =E8-D8 -> -7.9833333 | F35: =F8-E8 -> -7.9833333 | G35: =G8-F8 -> -7.9833333 | H35: =H8-G8 -> -7.9833333 | I35: =I8-H8 -> -7.9833333 | J35: =J8-I8 -> -7.9833333 | ... N35: =N8-M8 -> -7.9833333
A36: Cuentas comerciales por pagar | B36: =VLOOKUP(A36,ES_INICIO!$1:$1048576,8,FALSE) -> -364 | C36: =C9-B9 -> -88 | D36: =D9-C9 -> 270 | E36: =E9-D9 -> -11 | F36: =F9-E9 -> -12 | G36: =G9-F9 -> -15 | H36: =H9-G9 -> -16 | I36: =I9-H9 -> 1 | J36: =J9-I9 -> 23 | ... N36: =N9-M9 -> 12
A37: Pasivos financieros | B37: =VLOOKUP(A37,ES_INICIO!$1:$1048576,8,FALSE) -> 0 | C37: =C10-B10 -> 0 | D37: =D10-C10 -> 0 | E37: =E10-D10 -> 0 | F37: =F10-E10 -> -346.00891 | G37: =G10-F10 -> 4.174014 | H37: =H10-G10 -> 4.365323 | I37: =I10-H10 -> 4.5654003 | J37: =J10-I10 -> 4.7746478 | ... N37: =N10-M10 -> 5.7120403
A38: Impuesto a las ganancias a pagar | B38: =VLOOKUP(A38,ES_INICIO!$1:$1048576,8,FALSE) -> -74 | C38: =C11-B11 -> 0 | D38: =D11-C11 -> 0 | E38: =E11-D11 -> 0 | F38: =F11-E11 -> 0 | G38: =G11-F11 -> 74 | H38: =H11-G11 -> 0 | I38: =I11-H11 -> 0 | J38: =J11-I11 -> 0 | ... N38: =N11-M11 -> -115
A39: Pasivo por impuesto diferido | B39: =VLOOKUP(A39,ES_INICIO!$1:$1048576,8,FALSE) -> -166.59691 | C39: =C12-B12 -> 0 | D39: =D12-C12 -> 0 | E39: =E12-D12 -> 0 | F39: =F12-E12 -> 0 | G39: =G12-F12 -> 0 | H39: =H12-G12 -> 0 | I39: =I12-H12 -> 0 | J39: =J12-I12 -> 0 | ... N39: =N12-M12 -> 0
A40: Capital | B40: =VLOOKUP(A40,ES_INICIO!$1:$1048576,8,FALSE) -> -14820.187 | C40: =C13-B13 -> 0 | D40: =D13-C13 -> 0 | E40: =E13-D13 -> 0 | F40: =F13-E13 -> 0 | G40: =G13-F13 -> 0 | H40: =H13-G13 -> 0 | I40: =I13-H13 -> 0 | J40: =J13-I13 -> 0 | ... N40: =N13-M13 -> 0
... A43: Resultados acumulados | B43: =VLOOKUP(A43,ES_INICIO!$1:$1048576,8,FALSE) -> 11700.397 | C43: =C16-B16 -> 0 | D43: =D16-C16 -> 0 | E43: =E16-D16 -> 0 | F43: =F16-E16 -> 607.5 | G43: =G16-F16 -> 0 | H43: =H16-G16 -> 0 | I43: =I16-H16 -> 0 | J43: =J16-I16 -> 0 | ... N43: =N16-M16 -> 0
A44: Ventas | C44: =C17-B17 -> -117 | D44: =D17-C17 -> -124 | E44: =E17-D17 -> -233.5 | F44: =F17-E17 -> -140 | G44: =G17-F17 -> -150 | H44: =H17-G17 -> -264.5 | I44: =I17-H17 -> -175 | J44: =J17-I17 -> -131 | ... N44: =N17-M17 -> -257
A45: Costo de ventas | C45: =C18-B18 -> 0 | D45: =D18-C18 -> 0 | E45: =E18-D18 -> 0 | F45: =F18-E18 -> 0 | G45: =G18-F18 -> 0 | H45: =H18-G18 -> 0 | I45: =I18-H18 -> 0 | J45: =J18-I18 -> 0 | ... N45: =N18-M18 -> 0
A46: Costos operativos | C46: =C19-B19 -> 16 | D46: =D19-C19 -> 17 | E46: =E19-D19 -> 18 | F46: =F19-E19 -> 19 | G46: =G19-F19 -> 20 | H46: =H19-G19 -> 22 | I46: =I19-H19 -> 24 | J46: =J19-I19 -> 18 | ... N46: =N19-M19 -> 34
A47: Depreciación del ejercicio | C47: =C20-B20 -> 7.9833333 | D47: =D20-C20 -> 7.9833333 | E47: =E20-D20 -> 7.9833333 | F47: =F20-E20 -> 7.9833333 | G47: =G20-F20 -> 7.9833333 | H47: =H20-G20 -> 7.9833333 | I47: =I20-H20 -> 7.9833333 | J47: =J20-I20 -> 7.9833333 | ... N47: =N20-M20 -> 7.9833333
A48: Diferencias de cotización - moneda extranjera | C48: =C21-B21 -> 0 | D48: =D21-C21 -> 0 | E48: =E21-D21 -> 0 | F48: =F21-E21 -> -54 | G48: =G21-F21 -> -90 | H48: =H21-G21 -> -90 | I48: =I21-H21 -> -72 | J48: =J21-I21 -> -27 | ... N48: =N21-M21 -> -28
A49: Resultado de tenencia - Bienes de cambio | C49: =C22-B22 -> 0 | D49: =D22-C22 -> 0 | E49: =E22-D22 -> 0 | F49: =F22-E22 -> 0 | G49: =G22-F22 -> 0 | H49: =H22-G22 -> 0 | I49: =I22-H22 -> 0 | J49: =J22-I22 -> 0 | ... N49: =N22-M22 -> 0
A50: Costos financieros | C50: =C23-B23 -> 0 | D50: =D23-C23 -> 0 | E50: =E23-D23 -> 0 | F50: =F23-E23 -> 16.041667 | G50: =G23-F23 -> 15.858742 | H50: =H23-G23 -> 15.667433 | I50: =I23-H23 -> 15.467355 | J50: =J23-I23 -> 15.258108 | ... N50: =N23-M23 -> 14.320715
A51: Impuesto a las ganancias | C51: =C24-B24 -> 0 | D51: =D24-C24 -> 0 | E51: =E24-D24 -> 0 | F51: =F24-E24 -> 0 | G51: =G24-F24 -> 0 | H51: =H24-G24 -> 0 | I51: =I24-H24 -> 0 | J51: =J24-I24 -> 0 | ... N51: =N24-M24 -> 115
A52: RECPAM | C52: =C25-B25 -> 0 | D52: =D25-C25 -> 0 | E52: =E25-D25 -> 0 | F52: =F25-E25 -> 0 | G52: =G25-F25 -> 0 | H52: =H25-G25 -> 0 | I52: =I25-H25 -> 0 | J52: =J25-I25 -> 0 | ... N52: =N25-M25 -> 0
A54: Indices | B54: 43070 | C54: 43101 | D54: 43132 | E54: 43160 | F54: 43191 | G54: 43221 | H54: 43252 | I54: 43282 | J54: 43313 | K54: 43344 | L54: 43374 | M54: 43405 | N54: 43435
A55: Caja & bancos - Moneda local | B55: =VLOOKUP($B$54,'ipc empalme ipim'!$A:$B,2,FALSE) -> 124.7956 | C55: =VLOOKUP($C$54,'ipc empalme ipim'!$A:$B,2,FALSE) -> 126.9887 | D55: =VLOOKUP($D$54,'ipc empalme ipim'!$A:$B,2,FALSE) -> 130.0606 | E55: =VLOOKUP($E$54,'ipc empalme ipim'!$A:$B,2,FALSE) -> 133.1054 | F55: =VLOOKUP($F$54,'ipc empalme ipim'!$A:$B,2,FALSE) -> 136.7512 | G55: =VLOOKUP($G$54,'ipc empalme ipim'!$A:$B,2,FALSE) -> 139.5893 | H55: =VLOOKUP($H$54,'ipc empalme ipim'!$A:$B,2,FALSE) -> 144.8053 | I55: =VLOOKUP($I$54,'ipc empalme ipim'!$A:$B,2,FALSE) -> 149.2966 | J55: =VLOOKUP($J$54,'ipc empalme ipim'!$A:$B,2,FALSE) -> 155.1034 | K55: =VLOOKUP($K$54,'ipc empalme ipim'!$A:$B,2,FALSE) -> 165.2383 | L55: =VLOOKUP($L$54,'ipc empalme ipim'!$A:$B,2,FALSE) -> 174.1473 | M55: =VLOOKUP($M$54,'ipc empalme ipim'!$A:$B,2,FALSE) -> 179.6388 | N55: =VLOOKUP($N$54,'ipc empalme ipim'!$A:$B,2,FALSE) -> 184.2552
A56: Caja & bancos - Moneda extranjera | B56: =VLOOKUP($B$54,'ipc empalme ipim'!$A:$B,2,FALSE) -> 124.7956 | C56: =VLOOKUP($C$54,'ipc empalme ipim'!$A:$B,2,FALSE) -> 126.9887 | D56: =VLOOKUP($D$54,'ipc empalme ipim'!$A:$B,2,FALSE) -> 130.0606 | E56: =VLOOKUP($E$54,'ipc empalme ipim'!$A:$B,2,FALSE) -> 133.1054 | F56: =VLOOKUP($F$54,'ipc empalme ipim'!$A:$B,2,FALSE) -> 136.7512 | G56: =VLOOKUP($G$54,'ipc empalme ipim'!$A:$B,2,FALSE) -> 139.5893 | H56: =VLOOKUP($H$54,'ipc empalme ipim'!$A:$B,2,FALSE) -> 144.8053 | I56: =VLOOKUP($I$54,'ipc empalme ipim'!$A:$B,2,FALSE) -> 149.2966 | J56: =VLOOKUP($J$54,'ipc empalme ipim'!$A:$B,2,FALSE) -> 155.1034 | K56: =VLOOKUP($K$54,'ipc empalme ipim'!$A:$B,2,FALSE) -> 165.2383 | L56: =VLOOKUP($L$54,'ipc empalme ipim'!$A:$B,2,FALSE) -> 174.1473 | M56: =VLOOKUP($M$54,'ipc empalme ipim'!$A:$B,2,FALSE) -> 179.6388 | N56: =VLOOKUP($N$54,'ipc empalme ipim'!$A:$B,2,FALSE) -> 184.2552
A57: Créditos por ventas | B57: =VLOOKUP($B$54,'ipc empalme ipim'!$A:$B,2,FALSE) -> 124.7956 | C57: =VLOOKUP($C$54,'ipc empalme ipim'!$A:$B,2,FALSE) -> 126.9887 | D57: =VLOOKUP($D$54,'ipc empalme ipim'!$A:$B,2,FALSE) -> 130.0606 | E57: =VLOOKUP($E$54,'ipc empalme ipim'!$A:$B,2,FALSE) -> 133.1054 | F57: =VLOOKUP($F$54,'ipc empalme ipim'!$A:$B,2,FALSE) -> 136.7512 | G57: =VLOOKUP($G$54,'ipc empalme ipim'!$A:$B,2,FALSE) -> 139.5893 | H57: =VLOOKUP($H$54,'ipc empalme ipim'!$A:$B,2,FALSE) -> 144.8053 | I57: =VLOOKUP($I$54,'ipc empalme ipim'!$A:$B,2,FALSE) -> 149.2966 | J57: =VLOOKUP($J$54,'ipc empalme ipim'!$A:$B,2,FALSE) -> 155.1034 | K57: =VLOOKUP($K$54,'ipc empalme ipim'!$A:$B,2,FALSE) -> 165.2383 | L57: =VLOOKUP($L$54,'ipc empalme ipim'!$A:$B,2,FALSE) -> 174.1473 | M57: =VLOOKUP($M$54,'ipc empalme ipim'!$A:$B,2,FALSE) -> 179.6388 | N57: =VLOOKUP($N$54,'ipc empalme ipim'!$A:$B,2,FALSE) -> 184.2552
A58: Bienes de cambio | B58: =VLOOKUP($B$54,'ipc empalme ipim'!$A:$B,2,FALSE) -> 124.7956 | C58: =VLOOKUP($C$54,'ipc empalme ipim'!$A:$B,2,FALSE) -> 126.9887 | D58: =VLOOKUP($D$54,'ipc empalme ipim'!$A:$B,2,FALSE) -> 130.0606 | E58: =VLOOKUP($E$54,'ipc empalme ipim'!$A:$B,2,FALSE) -> 133.1054 | F58: =VLOOKUP($F$54,'ipc empalme ipim'!$A:$B,2,FALSE) -> 136.7512 | G58: =VLOOKUP($G$54,'ipc empalme ipim'!$A:$B,2,FALSE) -> 139.5893 | H58: =VLOOKUP($H$54,'ipc empalme ipim'!$A:$B,2,FALSE) -> 144.8053 | I58: =VLOOKUP($I$54,'ipc empalme ipim'!$A:$B,2,FALSE) -> 149.2966 | J58: =VLOOKUP($J$54,'ipc empalme ipim'!$A:$B,2,FALSE) -> 155.1034 | K58: =VLOOKUP($K$54,'ipc empalme ipim'!$A:$B,2,FALSE) -> 165.2383 | L58: =VLOOKUP($L$54,'ipc empalme ipim'!$A:$B,2,FALSE) -> 174.1473 | M58: =VLOOKUP($M$54,'ipc empalme ipim'!$A:$B,2,FALSE) -> 179.6388 | N58: =VLOOKUP($N$54,'ipc empalme ipim'!$A:$B,2,FALSE) -> 184.2552
A59: Compras | B59: =VLOOKUP($B$54,'ipc empalme ipim'!$A:$B,2,FALSE) -> 124.7956 | C59: =VLOOKUP($C$54,'ipc empalme ipim'!$A:$B,2,FALSE) -> 126.9887 | D59: =VLOOKUP($D$54,'ipc empalme ipim'!$A:$B,2,FALSE) -> 130.0606 | E59: =VLOOKUP($E$54,'ipc empalme ipim'!$A:$B,2,FALSE) -> 133.1054 | F59: =VLOOKUP($F$54,'ipc empalme ipim'!$A:$B,2,FALSE) -> 136.7512 | G59: =VLOOKUP($G$54,'ipc empalme ipim'!$A:$B,2,FALSE) -> 139.5893 | H59: =VLOOKUP($H$54,'ipc empalme ipim'!$A:$B,2,FALSE) -> 144.8053 | I59: =VLOOKUP($I$54,'ipc empalme ipim'!$A:$B,2,FALSE) -> 149.2966 | J59: =VLOOKUP($J$54,'ipc empalme ipim'!$A:$B,2,FALSE) -> 155.1034 | K59: =VLOOKUP($K$54,'ipc empalme ipim'!$A:$B,2,FALSE) -> 165.2383 | L59: =VLOOKUP($L$54,'ipc empalme ipim'!$A:$B,2,FALSE) -> 174.1473 | M59: =VLOOKUP($M$54,'ipc empalme ipim'!$A:$B,2,FALSE) -> 179.6388 | N59: =VLOOKUP($N$54,'ipc empalme ipim'!$A:$B,2,FALSE) -> 184.2552
A60: Bienes de uso - costo de origen | B60: =VLOOKUP($B$54,'ipc empalme ipim'!$A:$B,2,FALSE) -> 124.7956 | C60: =VLOOKUP($C$54,'ipc empalme ipim'!$A:$B,2,FALSE) -> 126.9887 | D60: =VLOOKUP($D$54,'ipc empalme ipim'!$A:$B,2,FALSE) -> 130.0606 | E60: =VLOOKUP($E$54,'ipc empalme ipim'!$A:$B,2,FALSE) -> 133.1054 | F60: =VLOOKUP($F$54,'ipc empalme ipim'!$A:$B,2,FALSE) -> 136.7512 | G60: =VLOOKUP($G$54,'ipc empalme ipim'!$A:$B,2,FALSE) -> 139.5893 | H60: =VLOOKUP($H$54,'ipc empalme ipim'!$A:$B,2,FALSE) -> 144.8053 | I60: =VLOOKUP($I$54,'ipc empalme ipim'!$A:$B,2,FALSE) -> 149.2966 | J60: =VLOOKUP($J$54,'ipc empalme ipim'!$A:$B,2,FALSE) -> 155.1034 | K60: =VLOOKUP($K$54,'ipc empalme ipim'!$A:$B,2,FALSE) -> 165.2383 | L60: =VLOOKUP($L$54,'ipc empalme ipim'!$A:$B,2,FALSE) -> 174.1473 | M60: =VLOOKUP($M$54,'ipc empalme ipim'!$A:$B,2,FALSE) -> 179.6388 | N60: =VLOOKUP($N$54,'ipc empalme ipim'!$A:$B,2,FALSE) -> 184.2552
A61: Bienes de uso - depreciación acumulada | B61: =VLOOKUP($B$54,'ipc empalme ipim'!$A:$B,2,FALSE) -> 124.7956 | C61: =VLOOKUP($C$54,'ipc empalme ipim'!$A:$B,2,FALSE) -> 126.9887 | D61: =VLOOKUP($D$54,'ipc empalme ipim'!$A:$B,2,FALSE) -> 130.0606 | E61: =VLOOKUP($E$54,'ipc empalme ipim'!$A:$B,2,FALSE) -> 133.1054 | F61: =VLOOKUP($F$54,'ipc empalme ipim'!$A:$B,2,FALSE) -> 136.7512 | G61: =VLOOKUP($G$54,'ipc empalme ipim'!$A:$B,2,FALSE) -> 139.5893 | H61: =VLOOKUP($H$54,'ipc empalme ipim'!$A:$B,2,FALSE) -> 144.8053 | I61: =VLOOKUP($I$54,'ipc empalme ipim'!$A:$B,2,FALSE) -> 149.2966 | J61: =VLOOKUP($J$54,'ipc empalme ipim'!$A:$B,2,FALSE) -> 155.1034 | K61: =VLOOKUP($K$54,'ipc empalme ipim'!$A:$B,2,FALSE) -> 165.2383 | L61: =VLOOKUP($L$54,'ipc empalme ipim'!$A:$B,2,FALSE) -> 174.1473 | M61: =VLOOKUP($M$54,'ipc empalme ipim'!$A:$B,2,FALSE) -> 179.6388 | N61: =VLOOKUP($N$54,'ipc empalme ipim'!$A:$B,2,FALSE) -> 184.2552
A62: Cuentas comerciales por pagar | B62: =VLOOKUP($B$54,'ipc empalme ipim'!$A:$B,2,FALSE) -> 124.7956 | C62: =VLOOKUP($C$54,'ipc empalme ipim'!$A:$B,2,FALSE) -> 126.9887 | D62: =VLOOKUP($D$54,'ipc empalme ipim'!$A:$B,2,FALSE) -> 130.0606 | E62: =VLOOKUP($E$54,'ipc empalme ipim'!$A:$B,2,FALSE) -> 133.1054 | F62: =VLOOKUP($F$54,'ipc empalme ipim'!$A:$B,2,FALSE) -> 136.7512 | G62: =VLOOKUP($G$54,'ipc empalme ipim'!$A:$B,2,FALSE) -> 139.5893 | H62: =VLOOKUP($H$54,'ipc empalme ipim'!$A:$B,2,FALSE) -> 144.8053 | I62: =VLOOKUP($I$54,'ipc empalme ipim'!$A:$B,2,FALSE) -> 149.2966 | J62: =VLOOKUP($J$54,'ipc empalme ipim'!$A:$B,2,FALSE) -> 155.1034 | K62: =VLOOKUP($K$54,'ipc empalme ipim'!$A:$B,2,FALSE) -> 165.2383 | L62: =VLOOKUP($L$54,'ipc empalme ipim'!$A:$B,2,FALSE) -> 174.1473 | M62: =VLOOKUP($M$54,'ipc empalme ipim'!$A:$B,2,FALSE) -> 179.6388 | N62: =VLOOKUP($N$54,'ipc empalme ipim'!$A:$B,2,FALSE) -> 184.2552
A63: Pasivos financieros | B63: =VLOOKUP($B$54,'ipc empalme ipim'!$A:$B,2,FALSE) -> 124.7956 | C63: =VLOOKUP($C$54,'ipc empalme ipim'!$A:$B,2,FALSE) -> 126.9887 | D63: =VLOOKUP($D$54,'ipc empalme ipim'!$A:$B,2,FALSE) -> 130.0606 | E63: =VLOOKUP($E$54,'ipc empalme ipim'!$A:$B,2,FALSE) -> 133.1054 | F63: =VLOOKUP($F$54,'ipc empalme ipim'!$A:$B,2,FALSE) -> 136.7512 | G63: =VLOOKUP($G$54,'ipc empalme ipim'!$A:$B,2,FALSE) -> 139.5893 | H63: =VLOOKUP($H$54,'ipc empalme ipim'!$A:$B,2,FALSE) -> 144.8053 | I63: =VLOOKUP($I$54,'ipc empalme ipim'!$A:$B,2,FALSE) -> 149.2966 | J63: =VLOOKUP($J$54,'ipc empalme ipim'!$A:$B,2,FALSE) -> 155.1034 | K63: =VLOOKUP($K$54,'ipc empalme ipim'!$A:$B,2,FALSE) -> 165.2383 | L63: =VLOOKUP($L$54,'ipc empalme ipim'!$A:$B,2,FALSE) -> 174.1473 | M63: =VLOOKUP($M$54,'ipc empalme ipim'!$A:$B,2,FALSE) -> 179.6388 | N63: =VLOOKUP($N$54,'ipc empalme ipim'!$A:$B,2,FALSE) -> 184.2552
A64: Impuesto a las ganancias a pagar | B64: =VLOOKUP($B$54,'ipc empalme ipim'!$A:$B,2,FALSE) -> 124.7956 | C64: =VLOOKUP($C$54,'ipc empalme ipim'!$A:$B,2,FALSE) -> 126.9887 | D64: =VLOOKUP($D$54,'ipc empalme ipim'!$A:$B,2,FALSE) -> 130.0606 | E64: =VLOOKUP($E$54,'ipc empalme ipim'!$A:$B,2,FALSE) -> 133.1054 | F64: =VLOOKUP($F$54,'ipc empalme ipim'!$A:$B,2,FALSE) -> 136.7512 | G64: =VLOOKUP($G$54,'ipc empalme ipim'!$A:$B,2,FALSE) -> 139.5893 | H64: =VLOOKUP($H$54,'ipc empalme ipim'!$A:$B,2,FALSE) -> 144.8053 | I64: =VLOOKUP($I$54,'ipc empalme ipim'!$A:$B,2,FALSE) -> 149.2966 | J64: =VLOOKUP($J$54,'ipc empalme ipim'!$A:$B,2,FALSE) -> 155.1034 | K64: =VLOOKUP($K$54,'ipc empalme ipim'!$A:$B,2,FALSE) -> 165.2383 | L64: =VLOOKUP($L$54,'ipc empalme ipim'!$A:$B,2,FALSE) -> 174.1473 | M64: =VLOOKUP($M$54,'ipc empalme ipim'!$A:$B,2,FALSE) -> 179.6388 | N64: =VLOOKUP($N$54,'ipc empalme ipim'!$A:$B,2,FALSE) -> 184.2552
A65: Pasivo por impuesto diferido | B65: =VLOOKUP($B$54,'ipc empalme ipim'!$A:$B,2,FALSE) -> 124.7956 | C65: =VLOOKUP($C$54,'ipc empalme ipim'!$A:$B,2,FALSE) -> 126.9887 | D65: =VLOOKUP($D$54,'ipc empalme ipim'!$A:$B,2,FALSE) -> 130.0606 | E65: =VLOOKUP($E$54,'ipc empalme ipim'!$A:$B,2,FALSE) -> 133.1054 | F65: =VLOOKUP($F$54,'ipc empalme ipim'!$A:$B,2,FALSE) -> 136.7512 | G65: =VLOOKUP($G$54,'ipc empalme ipim'!$A:$B,2,FALSE) -> 139.5893 | H65: =VLOOKUP($H$54,'ipc empalme ipim'!$A:$B,2,FALSE) -> 144.8053 | I65: =VLOOKUP($I$54,'ipc empalme ipim'!$A:$B,2,FALSE) -> 149.2966 | J65: =VLOOKUP($J$54,'ipc empalme ipim'!$A:$B,2,FALSE) -> 155.1034 | K65: =VLOOKUP($K$54,'ipc empalme ipim'!$A:$B,2,FALSE) -> 165.2383 | L65: =VLOOKUP($L$54,'ipc empalme ipim'!$A:$B,2,FALSE) -> 174.1473 | M65: =VLOOKUP($M$54,'ipc empalme ipim'!$A:$B,2,FALSE) -> 179.6388 | N65: =VLOOKUP($N$54,'ipc empalme ipim'!$A:$B,2,FALSE) -> 184.2552
A66: Capital | B66: =VLOOKUP($B$54,'ipc empalme ipim'!$A:$B,2,FALSE) -> 124.7956 | C66: =VLOOKUP($C$54,'ipc empalme ipim'!$A:$B,2,FALSE) -> 126.9887 | D66: =VLOOKUP($D$54,'ipc empalme ipim'!$A:$B,2,FALSE) -> 130.0606 | E66: =VLOOKUP($E$54,'ipc empalme ipim'!$A:$B,2,FALSE) -> 133.1054 | F66: =VLOOKUP($F$54,'ipc empalme ipim'!$A:$B,2,FALSE) -> 136.7512 | G66: =VLOOKUP($G$54,'ipc empalme ipim'!$A:$B,2,FALSE) -> 139.5893 | H66: =VLOOKUP($H$54,'ipc empalme ipim'!$A:$B,2,FALSE) -> 144.8053 | I66: =VLOOKUP($I$54,'ipc empalme ipim'!$A:$B,2,FALSE) -> 149.2966 | J66: =VLOOKUP($J$54,'ipc empalme ipim'!$A:$B,2,FALSE) -> 155.1034 | K66: =VLOOKUP($K$54,'ipc empalme ipim'!$A:$B,2,FALSE) -> 165.2383 | L66: =VLOOKUP($L$54,'ipc empalme ipim'!$A:$B,2,FALSE) -> 174.1473 | M66: =VLOOKUP($M$54,'ipc empalme ipim'!$A:$B,2,FALSE) -> 179.6388 | N66: =VLOOKUP($N$54,'ipc empalme ipim'!$A:$B,2,FALSE) -> 184.2552
... A78: RECPAM | B78: =VLOOKUP($B$54,'ipc empalme ipim'!$A:$B,2,FALSE) -> 124.7956 | C78: =VLOOKUP($C$54,'ipc empalme ipim'!$A:$B,2,FALSE) -> 126.9887 | D78: =VLOOKUP($D$54,'ipc empalme ipim'!$A:$B,2,FALSE) -> 130.0606 | E78: =VLOOKUP($E$54,'ipc empalme ipim'!$A:$B,2,FALSE) -> 133.1054 | F78: =VLOOKUP($F$54,'ipc empalme ipim'!$A:$B,2,FALSE) -> 136.7512 | G78: =VLOOKUP($G$54,'ipc empalme ipim'!$A:$B,2,FALSE) -> 139.5893 | H78: =VLOOKUP($H$54,'ipc empalme ipim'!$A:$B,2,FALSE) -> 144.8053 | I78: =VLOOKUP($I$54,'ipc empalme ipim'!$A:$B,2,FALSE) -> 149.2966 | J78: =VLOOKUP($J$54,'ipc empalme ipim'!$A:$B,2,FALSE) -> 155.1034 | K78: =VLOOKUP($K$54,'ipc empalme ipim'!$A:$B,2,FALSE) -> 165.2383 | L78: =VLOOKUP($L$54,'ipc empalme ipim'!$A:$B,2,FALSE) -> 174.1473 | M78: =VLOOKUP($M$54,'ipc empalme ipim'!$A:$B,2,FALSE) -> 179.6388 | N78: =VLOOKUP($N$54,'ipc empalme ipim'!$A:$B,2,FALSE) -> 184.2552
A80: Coeficiente | B80: 43070 | C80: 43101 | D80: 43132 | E80: 43160 | F80: 43191 | G80: 43221 | H80: 43252 | I80: 43282 | J80: 43313 | K80: 43344 | L80: 43374 | M80: 43405 | N80: 43435
A81: Caja & bancos - Moneda local | B81: =$N$55/B55 -> 1.4764559 | C81: =$N$55/C55 -> 1.4509574 | D81: =$N$55/D55 -> 1.4166873 | E81: =$N$55/E55 -> 1.3842804 | F81: =$N$55/F55 -> 1.3473754 | G81: =$N$55/G55 -> 1.3199808 | H81: =$N$55/H55 -> 1.2724341 | I81: =$N$55/I55 -> 1.2341554 | ... N81: =$N$55/N55 -> 1
A82: Caja & bancos - Moneda extranjera | B82: =$N$55/B56 -> 1.4764559 | C82: =$N$55/C56 -> 1.4509574 | D82: =$N$55/D56 -> 1.4166873 | E82: =$N$55/E56 -> 1.3842804 | F82: =$N$55/F56 -> 1.3473754 | G82: =$N$55/G56 -> 1.3199808 | H82: =$N$55/H56 -> 1.2724341 | I82: =$N$55/I56 -> 1.2341554 | ... N82: =$N$55/N56 -> 1
A83: Créditos por ventas | B83: =$N$55/B57 -> 1.4764559 | C83: =$N$55/C57 -> 1.4509574 | D83: =$N$55/D57 -> 1.4166873 | E83: =$N$55/E57 -> 1.3842804 | F83: =$N$55/F57 -> 1.3473754 | G83: =$N$55/G57 -> 1.3199808 | H83: =$N$55/H57 -> 1.2724341 | I83: =$N$55/I57 -> 1.2341554 | ... N83: =$N$55/N57 -> 1
A84: Bienes de cambio | B84: =$N$55/B58 -> 1.4764559 | C84: =$N$55/C58 -> 1.4509574 | D84: =$N$55/D58 -> 1.4166873 | E84: =$N$55/E58 -> 1.3842804 | F84: =$N$55/F58 -> 1.3473754 | G84: =$N$55/G58 -> 1.3199808 | H84: =$N$55/H58 -> 1.2724341 | I84: =$N$55/I58 -> 1.2341554 | ... N84: =$N$55/N58 -> 1
A85: Compras | B85: =$N$55/B59 -> 1.4764559 | C85: =$N$55/C59 -> 1.4509574 | D85: =$N$55/D59 -> 1.4166873 | E85: =$N$55/E59 -> 1.3842804 | F85: =$N$55/F59 -> 1.3473754 | G85: =$N$55/G59 -> 1.3199808 | H85: =$N$55/H59 -> 1.2724341 | I85: =$N$55/I59 -> 1.2341554 | ... N85: =$N$55/N59 -> 1
A86: Bienes de uso - costo de origen | B86: =$N$55/B60 -> 1.4764559 | C86: =$N$55/C60 -> 1.4509574 | D86: =$N$55/D60 -> 1.4166873 | E86: =$N$55/E60 -> 1.3842804 | F86: =$N$55/F60 -> 1.3473754 | G86: =$N$55/G60 -> 1.3199808 | H86: =$N$55/H60 -> 1.2724341 | I86: =$N$55/I60 -> 1.2341554 | ... N86: =$N$55/N60 -> 1
A87: Bienes de uso - depreciación acumulada | B87: =$N$55/B61 -> 1.4764559 | C87: =$N$55/C61 -> 1.4509574 | D87: =$N$55/D61 -> 1.4166873 | E87: =$N$55/E61 -> 1.3842804 | F87: =$N$55/F61 -> 1.3473754 | G87: =$N$55/G61 -> 1.3199808 | H87: =$N$55/H61 -> 1.2724341 | I87: =$N$55/I61 -> 1.2341554 | ... N87: =$N$55/N61 -> 1
A88: Cuentas comerciales por pagar | B88: =$N$55/B62 -> 1.4764559 | C88: =$N$55/C62 -> 1.4509574 | D88: =$N$55/D62 -> 1.4166873 | E88: =$N$55/E62 -> 1.3842804 | F88: =$N$55/F62 -> 1.3473754 | G88: =$N$55/G62 -> 1.3199808 | H88: =$N$55/H62 -> 1.2724341 | I88: =$N$55/I62 -> 1.2341554 | ... N88: =$N$55/N62 -> 1
A89: Pasivos financieros | B89: =$N$55/B63 -> 1.4764559 | C89: =$N$55/C63 -> 1.4509574 | D89: =$N$55/D63 -> 1.4166873 | E89: =$N$55/E63 -> 1.3842804 | F89: =$N$55/F63 -> 1.3473754 | G89: =$N$55/G63 -> 1.3199808 | H89: =$N$55/H63 -> 1.2724341 | I89: =$N$55/I63 -> 1.2341554 | ... N89: =$N$55/N63 -> 1
A90: Impuesto a las ganancias a pagar | B90: =$N$55/B64 -> 1.4764559 | C90: =$N$55/C64 -> 1.4509574 | D90: =$N$55/D64 -> 1.4166873 | E90: =$N$55/E64 -> 1.3842804 | F90: =$N$55/F64 -> 1.3473754 | G90: =$N$55/G64 -> 1.3199808 | H90: =$N$55/H64 -> 1.2724341 | I90: =$N$55/I64 -> 1.2341554 | ... N90: =$N$55/N64 -> 1
A91: Pasivo por impuesto diferido | B91: =$N$55/B65 -> 1.4764559 | C91: =$N$55/C65 -> 1.4509574 | D91: =$N$55/D65 -> 1.4166873 | E91: =$N$55/E65 -> 1.3842804 | F91: =$N$55/F65 -> 1.3473754 | G91: =$N$55/G65 -> 1.3199808 | H91: =$N$55/H65 -> 1.2724341 | I91: =$N$55/I65 -> 1.2341554 | ... N91: =$N$55/N65 -> 1
A92: Capital | B92: =$N$55/B66 -> 1.4764559 | C92: =$N$55/C66 -> 1.4509574 | D92: =$N$55/D66 -> 1.4166873 | E92: =$N$55/E66 -> 1.3842804 | F92: =$N$55/F66 -> 1.3473754 | G92: =$N$55/G66 -> 1.3199808 | H92: =$N$55/H66 -> 1.2724341 | I92: =$N$55/I66 -> 1.2341554 | ... N92: =$N$55/N66 -> 1
... A104: RECPAM | B104: =$N$55/B78 -> 1.4764559 | C104: =$N$55/C78 -> 1.4509574 | D104: =$N$55/D78 -> 1.4166873 | E104: =$N$55/E78 -> 1.3842804 | F104: =$N$55/F78 -> 1.3473754 | G104: =$N$55/G78 -> 1.3199808 | H104: =$N$55/H78 -> 1.2724341 | I104: =$N$55/I78 -> 1.2341554 | ... N104: =$N$55/N78 -> 1
A106: Variaciones en $.Cierre | B106: 43070 | C106: 43101 | D106: 43132 | E106: 43160 | F106: 43191 | G106: 43221 | H106: 43252 | I106: 43282 | J106: 43313 | K106: 43344 | L106: 43374 | M106: 43405 | N106: 43435
A107: Caja & bancos - Moneda local | B107: =B29*B81 -> 2823.4266 | C107: =C29*C81 -> 320.6616 | D107: =D29*D81 -> -374.00545 | E107: =E29*E81 -> -528.79512 | F107: =F29*F81 -> -667.66863 | G107: =G29*G81 -> -96.401838 | H107: =H29*H81 -> 2.5031886 | I107: =I29*I81 -> 131.39712 | ... N107: =N29*N81 -> -18.032756
A108: Caja & bancos - Moneda extranjera | B108: =B30*B82 -> 0 | C108: =C30*C82 -> 0 | D108: =D30*D82 -> 0 | E108: =E30*E82 -> 553.71217 | F108: =F30*F82 -> 67.368769 | G108: =G30*G82 -> 118.79827 | H108: =H30*H82 -> 114.51907 | I108: =I30*I82 -> 88.859186 | ... N108: =N30*N82 -> 28
A109: Créditos por ventas | B109: =B31*B83 -> 349.92005 | C109: =C31*C83 -> -174.11489 | D109: =D31*D83 -> 9.9168111 | E109: =E31*E83 -> 151.57871 | F109: =F31*F83 -> -125.9796 | G109: =G31*G83 -> 13.199808 | H109: =H31*H83 -> 145.6937 | I109: =I31*I83 -> -110.45691 | ... N109: =N31*N83 -> -6
A110: Bienes de cambio | B110: =B32*B84 -> 243.61522 | C110: =C32*C84 -> 0 | D110: =D32*D84 -> 0 | E110: =E32*E84 -> 0 | F110: =F32*F84 -> 0 | G110: =G32*G84 -> 0 | H110: =H32*H84 -> 0 | I110: =I32*I84 -> 0 | ... N110: =N32*N84 -> 0
A111: Compras | B111: =B33*B85 -> 0 | C111: =C33*C85 -> 127.68426 | D111: =D33*D85 -> 133.16861 | E111: =E33*E85 -> 137.04376 | F111: =F33*F85 -> 142.82179 | G111: =G33*G85 -> 150.47781 | H111: =H33*H85 -> 155.23696 | I111: =I33*I85 -> 139.45956 | ... N111: =N33*N85 -> 215
A112: Bienes de uso - costo de origen | B112: =B34*B86 -> 3654.6673 | C112: =C34*C86 -> 0 | D112: =D34*D86 -> 0 | E112: =E34*E86 -> 0 | F112: =F34*F86 -> 471.58138 | G112: =G34*G86 -> 0 | H112: =H34*H86 -> 0 | I112: =I34*I86 -> 0 | ... N112: =N34*N86 -> 0
A113: Bienes de uso - depreciación acumulada | B113: =B35*B87 -> -1306.9731 | C113: =C35*C87 -> -11.583477 | D113: =D35*D87 -> -11.309887 | E113: =E35*E87 -> -11.051172 | F113: =F35*F87 -> -10.756547 | G113: =G35*G87 -> -10.537847 | H113: =H35*H87 -> -10.158265 | I113: =I35*I87 -> -9.8526737 | ... N113: =N35*N87 -> -7.9833333
A114: Cuentas comerciales por pagar | B114: =B36*B88 -> -537.42995 | C114: =C36*C88 -> -127.68426 | D114: =D36*D88 -> 382.50557 | E114: =E36*E88 -> -15.227085 | F114: =F36*F88 -> -16.168505 | G114: =G36*G88 -> -19.799712 | H114: =H36*H88 -> -20.358945 | I114: =I36*I88 -> 1.2341554 | ... N114: =N36*N88 -> 12
A115: Pasivos financieros | B115: =B37*B89 -> 0 | C115: =C37*C89 -> 0 | D115: =D37*D89 -> 0 | E115: =E37*E89 -> 0 | F115: =F37*F89 -> -466.20389 | G115: =G37*G89 -> 5.5096185 | H115: =H37*H89 -> 5.5545858 | I115: =I37*I89 -> 5.6344133 | ... N115: =N37*N89 -> 5.7120403
A116: Impuesto a las ganancias a pagar | B116: =B38*B90 -> -109.25774 | C116: =C38*C90 -> 0 | D116: =D38*D90 -> 0 | E116: =E38*E90 -> 0 | F116: =F38*F90 -> 0 | G116: =G38*G90 -> 97.678581 | H116: =H38*H90 -> 0 | I116: =I38*I90 -> 0 | ... N116: =N38*N90 -> -115
A117: Pasivo por impuesto diferido | B117: =B39*B91 -> -245.97299 | C117: =C39*C91 -> 0 | D117: =D39*D91 -> 0 | E117: =E39*E91 -> 0 | F117: =F39*F91 -> 0 | G117: =G39*G91 -> 0 | H117: =H39*H91 -> 0 | I117: =I39*I91 -> 0 | ... N117: =N39*N91 -> 0
A118: Capital | B118: =B40*B92 -> -21881.353 | C118: =C40*C92 -> 0 | D118: =D40*D92 -> 0 | E118: =E40*E92 -> 0 | F118: =F40*F92 -> 0 | G118: =G40*G92 -> 0 | H118: =H40*H92 -> 0 | I118: =I40*I92 -> 0 | ... N118: =N40*N92 -> 0
... A129: Impuesto a las ganancias | B129: =B51*B103 -> 0 | C129: =C51*C103 -> 0 | D129: =D51*D103 -> 0 | E129: =E51*E103 -> 0 | F129: =F51*F103 -> 0 | G129: =G51*G103 -> 0 | H129: =H51*H103 -> 0 | I129: =I51*I103 -> 0 | ... N129: =N51*N103 -> 115
A130: RECPAM
A132: Acumulado teórico vs real | B132: Teórico | C132: Real | D132: Variación | E132: Ajuste | F132: Asignación | G132: AJUSTADO | H132: AJUSTADO
A133: Caja & bancos - Moneda local | B133: =SUM(B107:N107) -> 1333.3837 | C133: =IF(O2="Cierre",N2,"") -> 767.0052 | D133: =C133-B133 -> -566.37852 | E133: RECPAM | F133: =D133 -> -566.37852 | G133: =C133 -> 767.0052 | H133: =G133 -> 767.0052
A134: Caja & bancos - Moneda extranjera | B134: =SUM(B108:N108) -> 1322.172 | C134: =IF(O3="Cierre",N3,"") -> 1064 | D134: =C134-B134 -> -258.17198 | E134: DIF_COT | F134: =D134 -> -258.17198 | G134: =C134 -> 1064 | H134: =G134 -> 1064 | J134: EI | K134: =B110 -> 243.61522
A135: Créditos por ventas | B135: =SUM(B109:N109) -> 343.43002 | C135: =IF(O4="Cierre",N4,"") -> 257 | D135: =C135-B135 -> -86.430017 | E135: RECPAM | F135: =D135 -> -86.430017 | G135: =C135 -> 257 | H135: =G135 -> 257 | J135: C | K135: =B137 -> 1889.9094
A136: Bienes de cambio | B136: =SUM(B110:N110) -> 243.61522 | C136: =B136 -> 243.61522 | D136: =C136-B136 -> 0 | E136: RES_TEN | F136: =D136 -> 0 | G136: =C136 -> 243.61522 | H136: =-K137 -> 170 | J136: RxT | K136: =K138-K137-K135-K134 -> 171.00031
A137: Compras | B137: =SUM(B111:N111) -> 1889.9094 | C137: =B137 -> 1889.9094 | D137: =C137-B137 -> 0 | G137: =C137 -> 1889.9094 | H137: =G137-K135 -> 0 | J137: EF | K137: -170
A138: Bienes de uso - costo de origen | B138: =SUM(B112:N112) -> 4126.2487 | C138: =PPE_CIERRE!F8 -> 4126.2487 | D138: =C138-B138 -> 0 | G138: =C138 -> 4126.2487 | H138: =G138 -> 4126.2487 | J138: CMV | K138: =COSTO_DE_VENTAS_2018!G14 -> 2134.5249
A139: Bienes de uso - depreciación acumulada | B139: =SUM(B113:N113) -> -1425.2274 | C139: =PPE_CIERRE!F26 -> -1568.7054 | D139: =C139-B139 -> -143.478 | E139: DEP_EJ | F139: =D139 -> -143.478 | G139: =C139 -> -1568.7054 | H139: =G139 -> -1568.7054
...

Sheet INFORMACIÓN_ADICIONAL
A1: Sobre tenencia en moneda extranjera:
A2: En marzo, compró USD 18,000 a un tipo de cambio de $22,22 por cada USD.
A3: En octubre, compró USD 10,000 adicionales, a un tipo de cambio de $35,5 por cada USD
A4: El tipo de cambio al cierre era de $38 por cada USD.
A6: Sobre bienes de cambio:
A7: Los mide al costo de resposición al cierre.
A8: Según el recuento de inventarios, la existencia final valorizada ascendía a $170,000.
A9: La compañía determina sus precios de venta "cargando" al costo de resposición un 30%.
A10: Actualia sus precios mensualmente, en base a la lista de precios actualizada de sus proveedores
A12: Sobre los bienes de uso:
A13: Registro de altas | C13: Acumulada | D13: Alícuota | E13: Anual | F13: Mensual
A14: Existentes en febrero de 2003 | B14: 130 | C14: =-B14*D14*14 -> -91 | D14: 0.05 | E14: =B14*D14 -> 6.5
A15: Altas posteriores
A16: 42125 | B16: 180 | C16: -42 | D16: 0.1 | E16: =B16*D16 -> 18
A17: 42278 | B17: 240 | C17: -27 | D17: 0.05 | E17: =B17*D17 -> 12
A18: 42736 | B18: 258 | C18: -25.8 | D18: 0.1 | E18: =B18*D18 -> 25.8
A19: 42736 | B19: 335 | C19: -33.5 | D19: 0.1 | E19: =B19*D19 -> 33.5
A20: Total | B20: =SUM(B14:B19) -> 1143 | C20: =SUM(C14:C19) -> -219.3 | E20: =SUM(E14:E19) -> 95.8 | F20: =E20/12 -> 7.9833333
A22: Sobre la deuda financiera:
A23: Cuadro de marcha (miles $Hist.)
B24: TIR | C24: =IRR(C25:C61) -> 0.045833333 | D24: Al inicio | E24: C. Financ. | F24: Pagos | G24: Al final
A25: 0 | C25: -350 | G25: =-C25 -> 350
A26: 1 | B26: 43191 | C26: 20.032756 | D26: =G25 -> 350 | E26: =D26*$C$24 -> 16.041667 | F26: =-C26 -> -20.032756 | G26: =SUM(D26:F26) -> 346.00891
A27: 2 | B27: 43221 | C27: 20.032756 | D27: =G26 -> 346.00891 | E27: =D27*$C$24 -> 15.858742 | F27: =-C27 -> -20.032756 | G27: =SUM(D27:F27) -> 341.8349
A28: 3 | B28: 43252 | C28: 20.032756 | D28: =G27 -> 341.8349 | E28: =D28*$C$24 -> 15.667433 | F28: =-C28 -> -20.032756 | G28: =SUM(D28:F28) -> 337.46957
A29: 4 | B29: 43282 | C29: 20.032756 | D29: =G28 -> 337.46957 | E29: =D29*$C$24 -> 15.467355 | F29: =-C29 -> -20.032756 | G29: =SUM(D29:F29) -> 332.90417
A30: 5 | B30: 43313 | C30: 20.032756 | D30: =G29 -> 332.90417 | E30: =D30*$C$24 -> 15.258108 | F30: =-C30 -> -20.032756 | G30: =SUM(D30:F30) -> 328.12953
A31: 6 | B31: 43344 | C31: 20.032756 | D31: =G30 -> 328.12953 | E31: =D31*$C$24 -> 15.03927 | F31: =-C31 -> -20.032756 | G31: =SUM(D31:F31) -> 323.13604
A32: 7 | B32: 43374 | C32: 20.032756 | D32: =G31 -> 323.13604 | E32: =D32*$C$24 -> 14.810402 | F32: =-C32 -> -20.032756 | G32: =SUM(D32:F32) -> 317.91369
A33: 8 | B33: 43405 | C33: 20.032756 | D33: =G32 -> 317.91369 | E33: =D33*$C$24 -> 14.571044 | F33: =-C33 -> -20.032756 | G33: =SUM(D33:F33) -> 312.45197
A34: 9 | B34: 43435 | C34: 20.032756 | D34: =G33 -> 312.45197 | E34: =D34*$C$24 -> 14.320715 | F34: =-C34 -> -20.032756 | G34: =SUM(D34:F34) -> 306.73993
A35: 10 | B35: 43466 | C35: 20.032756 | D35: =G34 -> 306.73993 | E35: =D35*$C$24 -> 14.058914 | F35: =-C35 -> -20.032756 | G35: =SUM(D35:F35) -> 300.76609
A36: 11 | B36: 43497 | C36: 20.032756 | D36: =G35 -> 300.76609 | E36: =D36*$C$24 -> 13.785113 | F36: =-C36 -> -20.032756 | G36: =SUM(D36:F36) -> 294.51845
A37: 12 | B37: 43525 | C37: 20.032756 | D37: =G36 -> 294.51845 | E37: =D37*$C$24 -> 13.498762 | F37: =-C37 -> -20.032756 | G37: =SUM(D37:F37) -> 287.98445
... A61: 36 | B61: 44256 | C61: 20.032756 | D61: =G60 -> 19.154826 | E61: =D61*$C$24 -> 0.87792954 | F61: =-C61 -> -20.032756 | G61: =SUM(D61:F61) -> 7.432277e-12
A64: Sobre el patrimonio:
A65: En abril de 2018 se aprobó:
A66: Pagar un dividendo en efectivo, por $600,000
A67: Constituir una reserva legal, por $7,500

Sheet ES_INICIO
A1: Descripción | B1: 43070 | C1: Clasific. $ | D1: Origen | E1: Indice cierre | F1: Indice origen | G1: Coeficiente | H1: $.Cierre
A2: Caja & bancos - Moneda local | B2: 1912.3 | C2: Cierre | D2: 43070 | E2: ='ipc empalme ipim'!$B$303 -> 124.7956 | F2: =VLOOKUP(D2,'ipc empalme ipim'!$A:$B,2,FALSE) -> 124.7956 | G2: =E2/F2 -> 1 | H2: =B2*G2 -> 1912.3
A3: Caja & bancos - Moneda extranjera | B3: 0 | C3: Cierre | D3: 43070 | E3: ='ipc empalme ipim'!$B$303 -> 124.7956 | F3: =VLOOKUP(D3,'ipc empalme ipim'!$A:$B,2,FALSE) -> 124.7956 | G3: =E3/F3 -> 1 | H3: =B3*G3 -> 0
A4: Créditos por ventas | B4: 237 | C4: Cierre | D4: 43070 | E4: ='ipc empalme ipim'!$B$303 -> 124.7956 | F4: =VLOOKUP(D4,'ipc empalme ipim'!$A:$B,2,FALSE) -> 124.7956 | G4: =E4/F4 -> 1 | H4: =B4*G4 -> 237
A5: Bienes de cambio | B5: 165 | C5: Cierre | D5: 43070 | E5: ='ipc empalme ipim'!$B$303 -> 124.7956 | F5: =VLOOKUP(D5,'ipc empalme ipim'!$A:$B,2,FALSE) -> 124.7956 | G5: =E5/F5 -> 1 | H5: =B5*G5 -> 165
A6: Compras | B6: 0 | H6: =B6 -> 0
A7: Bienes de uso - costo de origen | B7: 1143 | C7: Anterior | H7: =PPE_INICIO!F7 -> 2475.2973
A8: Bienes de uso - depreciación acumulada | B8: -219.3 | C8: Anterior | H8: =PPE_INICIO!F15 -> -885.20968
A9: Cuentas comerciales por pagar | B9: -364 | C9: Cierre | D9: 43070 | E9: ='ipc empalme ipim'!$B$303 -> 124.7956 | F9: =VLOOKUP(D9,'ipc empalme ipim'!$A:$B,2,FALSE) -> 124.7956 | G9: =E9/F9 -> 1 | H9: =B9*G9 -> -364
A10: Pasivos financieros | B10: 0 | C10: Cierre | D10: 43070 | E10: ='ipc empalme ipim'!$B$303 -> 124.7956 | F10: =VLOOKUP(D10,'ipc empalme ipim'!$A:$B,2,FALSE) -> 124.7956 | G10: =E10/F10 -> 1 | H10: =B10*G10 -> 0
A11: Impuesto a las ganancias a pagar | B11: -74 | C11: Cierre | D11: 43070 | E11: ='ipc empalme ipim'!$B$303 -> 124.7956 | F11: =VLOOKUP(D11,'ipc empalme ipim'!$A:$B,2,FALSE) -> 124.7956 | G11: =E11/F11 -> 1 | H11: =B11*G11 -> -74
A12: Pasivo por impuesto diferido | H12: =-H23 -> -166.59691
A13: Capital | B13: =-1000-970 -> -1970 | C13: Anterior | D13: 37653 | E13: ='ipc empalme ipim'!$B$303 -> 124.7956 | F13: =VLOOKUP(D13,'ipc empalme ipim'!$A:$B,2,FALSE) -> 16.588679 | G13: =E13/F13 -> 7.5229377 | H13: =B13*G13 -> -14820.187
A14: Ajuste de capital
A15: Reserva legal | B15: -180 | C15: Cierre | D15: 43070 | E15: ='ipc empalme ipim'!$B$303 -> 124.7956 | F15: =VLOOKUP(D15,'ipc empalme ipim'!$A:$B,2,FALSE) -> 124.7956 | G15: =E15/F15 -> 1 | H15: =B15*G15 -> -180
A16: Resultados acumulados | B16: -650 | H16: =-SUM(H2:H15) -> 11700.397
B17: =SUM(B2:B16) -> 0 | H17: =SUM(H2:H16) -> 0
A19: Pasivo por impuesto diferido | B19: 43070 | H19: $.Cierre
A20: Bienes de uso - neto (base contable) | B20: =SUM(B7:B8) -> 923.7 | H20: =SUM(H7:H8) -> 1590.0876
A21: Bienes de uso - neto (base fiscal) | B21: =B20 -> 923.7 | H21: =B21 -> 923.7
A22: Diferencia temporaria | B22: =B20-B21 -> 0 | H22: =H20-H21 -> 666.38765
A23: Alícuota - 25% | pasivo (activo) ID | B23: =B22*0.25 -> 0 | H23: =H22*0.25 -> 166.59691

Sheet PPE_INICIO
A1: Costo origen | B1: $.Hist. | C1: Indice cierre | D1: Indice origen | E1: Coeficiente | F1: $.Cierre
A2: 37653 | B2: =INFORMACIÓN_ADICIONAL!B14 -> 130 | C2: ='ipc empalme ipim'!$B$303 -> 124.7956 | D2: =VLOOKUP(A2,'ipc empalme ipim'!$A:$B,2,FALSE) -> 16.588679 | E2: =C2/D2 -> 7.5229377 | F2: =B2*E2 -> 977.98191
A3: 42125 | B3: 180 | C3: ='ipc empalme ipim'!$B$303 -> 124.7956 | D3: =VLOOKUP(A3,'ipc empalme ipim'!$A:$B,2,FALSE) -> 65.75282 | E3: =C3/D3 -> 1.8979505 | F3: =B3*E3 -> 341.63109
A4: 42278 | B4: 240 | C4: ='ipc empalme ipim'!$B$303 -> 124.7956 | D4: =VLOOKUP(A4,'ipc empalme ipim'!$A:$B,2,FALSE) -> 70.109976 | E4: =C4/D4 -> 1.7799978 | F4: =B4*E4 -> 427.19946
A5: 42736 | B5: 258 | C5: ='ipc empalme ipim'!$B$303 -> 124.7956 | D5: =VLOOKUP(A5,'ipc empalme ipim'!$A:$B,2,FALSE) -> 101.5859 | E5: =C5/D5 -> 1.2284736 | F5: =B5*E5 -> 316.9462
A6: 42736 | B6: 335 | C6: ='ipc empalme ipim'!$B$303 -> 124.7956 | D6: =VLOOKUP(A6,'ipc empalme ipim'!$A:$B,2,FALSE) -> 101.5859 | E6: =C6/D6 -> 1.2284736 | F6: =B6*E6 -> 411.53867
A7: Total | B7: =SUM(B1:B6) -> 1143 | F7: =SUM(F2:F6) -> 2475.2973
A9: Dep. Acum | B9: $.Hist. | C9: Indice cierre | D9: Indice origen | E9: Coeficiente | F9: $.Cierre
A10: 37653 | B10: =INFORMACIÓN_ADICIONAL!C14 -> -91 | C10: ='ipc empalme ipim'!$B$303 -> 124.7956 | D10: =VLOOKUP(A10,'ipc empalme ipim'!$A:$B,2,FALSE) -> 16.588679 | E10: =C10/D10 -> 7.5229377 | F10: =B10*E10 -> -684.58733
A11: 42125 | B11: =INFORMACIÓN_ADICIONAL!C16 -> -42 | C11: ='ipc empalme ipim'!$B$303 -> 124.7956 | D11: =VLOOKUP(A11,'ipc empalme ipim'!$A:$B,2,FALSE) -> 65.75282 | E11: =C11/D11 -> 1.8979505 | F11: =B11*E11 -> -79.713922
A12: 42278 | B12: =INFORMACIÓN_ADICIONAL!C17 -> -27 | C12: ='ipc empalme ipim'!$B$303 -> 124.7956 | D12: =VLOOKUP(A12,'ipc empalme ipim'!$A:$B,2,FALSE) -> 70.109976 | E12: =C12/D12 -> 1.7799978 | F12: =B12*E12 -> -48.05994
A13: 42736 | B13: =INFORMACIÓN_ADICIONAL!C18 -> -25.8 | C13: ='ipc empalme ipim'!$B$303 -> 124.7956 | D13: =VLOOKUP(A13,'ipc empalme ipim'!$A:$B,2,FALSE) -> 101.5859 | E13: =C13/D13 -> 1.2284736 | F13: =B13*E13 -> -31.69462
A14: 42736 | B14: =INFORMACIÓN_ADICIONAL!C19 -> -33.5 | C14: ='ipc empalme ipim'!$B$303 -> 124.7956 | D14: =VLOOKUP(A14,'ipc empalme ipim'!$A:$B,2,FALSE) -> 101.5859 | E14: =C14/D14 -> 1.2284736 | F14: =B14*E14 -> -41.153867
A15: Total | B15: =SUM(B9:B14) -> -219.3 | F15: =SUM(F10:F14) -> -885.20968
A17: Importe neto | B17: =B7+B15 -> 923.7 | F17: =F7+F15 -> 1590.0876

Sheet PPE_CIERRE
A1: Costo origen | B1: $.Hist. | C1: Indice cierre | D1: Indice origen | E1: Coeficiente | F1: $.Cierre
A2: 37653 | B2: =INFORMACIÓN_ADICIONAL!B14 -> 130 | C2: ='ipc empalme ipim'!$B$315 -> 184.2552 | D2: =VLOOKUP(A2,'ipc empalme ipim'!$A:$B,2,FALSE) -> 16.588679 | E2: =C2/D2 -> 11.107286 | F2: =B2*E2 -> 1443.9472
A3: 42125 | B3: 180 | C3: ='ipc empalme ipim'!$B$315 -> 184.2552 | D3: =VLOOKUP(A3,'ipc empalme ipim'!$A:$B,2,FALSE) -> 65.75282 | E3: =C3/D3 -> 2.8022403 | F3: =B3*E3 -> 504.40325
A4: 42278 | B4: 240 | C4: ='ipc empalme ipim'!$B$315 -> 184.2552 | D4: =VLOOKUP(A4,'ipc empalme ipim'!$A:$B,2,FALSE) -> 70.109976 | E4: =C4/D4 -> 2.6280882 | F4: =B4*E4 -> 630.74117
A5: 42736 | B5: 258 | C5: ='ipc empalme ipim'!$B$315 -> 184.2552 | D5: =VLOOKUP(A5,'ipc empalme ipim'!$A:$B,2,FALSE) -> 101.5859 | E5: =C5/D5 -> 1.8137871 | F5: =B5*E5 -> 467.95708
A6: 42736 | B6: 335 | C6: ='ipc empalme ipim'!$B$315 -> 184.2552 | D6: =VLOOKUP(A6,'ipc empalme ipim'!$A:$B,2,FALSE) -> 101.5859 | E6: =C6/D6 -> 1.8137871 | F6: =B6*E6 -> 607.6187
A7: 43191 | B7: 350 | C7: ='ipc empalme ipim'!$B$315 -> 184.2552 | D7: =VLOOKUP(A7,'ipc empalme ipim'!$A:$B,2,FALSE) -> 136.7512 | E7: =C7/D7 -> 1.3473754 | F7: =B7*E7 -> 471.58138
A8: Total | B8: =SUM(B2:B7) -> 1493 | F8: =SUM(F2:F7) -> 4126.2487
A10: Dep. Acum | B10: $.Hist. | C10: Indice cierre | D10: Indice origen | E10: Coeficiente | F10: $.Cierre
A11: 37653 | B11: =INFORMACIÓN_ADICIONAL!C14 -> -91 | C11: ='ipc empalme ipim'!$B$315 -> 184.2552 | D11: =VLOOKUP(A11,'ipc empalme ipim'!$A:$B,2,FALSE) -> 16.588679 | E11: =C11/D11 -> 11.107286 | F11: =B11*E11 -> -1010.763
A12: 42125 | B12: =INFORMACIÓN_ADICIONAL!C16 -> -42 | C12: ='ipc empalme ipim'!$B$315 -> 184.2552 | D12: =VLOOKUP(A12,'ipc empalme ipim'!$A:$B,2,FALSE) -> 65.75282 | E12: =C12/D12 -> 2.8022403 | F12: =B12*E12 -> -117.69409
A13: 42278 | B13: =INFORMACIÓN_ADICIONAL!C17 -> -27 | C13: ='ipc empalme ipim'!$B$315 -> 184.2552 | D13: =VLOOKUP(A13,'ipc empalme ipim'!$A:$B,2,FALSE) -> 70.109976 | E13: =C13/D13 -> 2.6280882 | F13: =B13*E13 -> -70.958381
A14: 42736 | B14: =INFORMACIÓN_ADICIONAL!C18 -> -25.8 | C14: ='ipc empalme ipim'!$B$315 -> 184.2552 | D14: =VLOOKUP(A14,'ipc empalme ipim'!$A:$B,2,FALSE) -> 101.5859 | E14: =C14/D14 -> 1.8137871 | F14: =B14*E14 -> -46.795708
A15: 42736 | B15: =INFORMACIÓN_ADICIONAL!C19 -> -33.5 | C15: ='ipc empalme ipim'!$B$315 -> 184.2552 | D15: =VLOOKUP(A15,'ipc empalme ipim'!$A:$B,2,FALSE) -> 101.5859 | E15: =C15/D15 -> 1.8137871 | F15: =B15*E15 -> -60.76187
A16: Total | B16: =SUM(B11:B15) -> -219.3 | F16: =SUM(F11:F15) -> -1306.9731
A18: Dep. Ej | B18: $.Hist. | C18: Indice cierre | D18: Indice origen | E18: Coeficiente | F18: $.Cierre
A19: 37653 | B19: =-INFORMACIÓN_ADICIONAL!E14 -> -6.5 | C19: ='ipc empalme ipim'!$B$315 -> 184.2552 | D19: =VLOOKUP(A19,'ipc empalme ipim'!$A:$B,2,FALSE) -> 16.588679 | E19: =C19/D19 -> 11.107286 | F19: =B19*E19 -> -72.197358
A20: 42125 | B20: =-INFORMACIÓN_ADICIONAL!E16 -> -18 | C20: ='ipc empalme ipim'!$B$315 -> 184.2552 | D20: =VLOOKUP(A20,'ipc empalme ipim'!$A:$B,2,FALSE) -> 65.75282 | E20: =C20/D20 -> 2.8022403 | F20: =B20*E20 -> -50.440325
A21: 42278 | B21: =-INFORMACIÓN_ADICIONAL!E17 -> -12 | C21: ='ipc empalme ipim'!$B$315 -> 184.2552 | D21: =VLOOKUP(A21,'ipc empalme ipim'!$A:$B,2,FALSE) -> 70.109976 | E21: =C21/D21 -> 2.6280882 | F21: =B21*E21 -> -31.537058
A22: 42736 | B22: =-INFORMACIÓN_ADICIONAL!E18 -> -25.8 | C22: ='ipc empalme ipim'!$B$315 -> 184.2552 | D22: =VLOOKUP(A22,'ipc empalme ipim'!$A:$B,2,FALSE) -> 101.5859 | E22: =C22/D22 -> 1.8137871 | F22: =B22*E22 -> -46.795708
A23: 42736 | B23: =-INFORMACIÓN_ADICIONAL!E19 -> -33.5 | C23: ='ipc empalme ipim'!$B$315 -> 184.2552 | D23: =VLOOKUP(A23,'ipc empalme ipim'!$A:$B,2,FALSE) -> 101.5859 | E23: =C23/D23 -> 1.8137871 | F23: =B23*E23 -> -60.76187
A24: Total | B24: =SUM(B18:B23) -> -95.8 | F24: =SUM(F19:F23) -> -261.73232
A26: Deprec. Acum. | B26: =B16+B24 -> -315.1 | F26: =F16+F24 -> -1568.7054
A28: Importe neto | B28: =B8+B26 -> 1177.9 | F28: =F8+F26 -> 2557.5434
A30: Pasivo por impuesto diferido | B30: 43435 | F30: $.Cierre
A31: Bienes de uso - neto (base contable) | B31: =B28 -> 1177.9 | F31: =F28 -> 2557.5434
A32: Bienes de uso - neto (base fiscal) | B32: =B31 -> 1177.9 | F32: =B32 -> 1177.9
A33: Diferencia temporaria | B33: =B31-B32 -> 0 | F33: =F31-F32 -> 1379.6434
A34: Alícuota - 25% | pasivo (activo) ID | B34: =B33*0.25 -> 0 | F34: =F33*0.25 -> 344.91084

Sheet COSTO_DE_VENTAS_2018
A1: Mes | B1: Ventas | C1: Costo | D1: Cierre | E1: Origen | F1: Coeficiente | G1: $.Cierre
A2: 43101 | B2: 117 | C2: =B2/1.3 -> 90 | D2: ='ipc empalme ipim'!$B$315 -> 184.2552 | E2: =VLOOKUP(A2,'ipc empalme ipim'!$A:$B,2,FALSE) -> 126.9887 | F2: =D2/E2 -> 1.4509574 | G2: =C2*F2 -> 130.58617
A3: 43132 | B3: 124 | C3: =B3/1.3 -> 95.384615 | D3: ='ipc empalme ipim'!$B$315 -> 184.2552 | E3: =VLOOKUP(A3,'ipc empalme ipim'!$A:$B,2,FALSE) -> 130.0606 | F3: =D3/E3 -> 1.4166873 | G3: =C3*F3 -> 135.13017
A4: 43160 | B4: 233.5 | C4: =B4/1.3 -> 179.61538 | D4: ='ipc empalme ipim'!$B$315 -> 184.2552 | E4: =VLOOKUP(A4,'ipc empalme ipim'!$A:$B,2,FALSE) -> 133.1054 | F4: =D4/E4 -> 1.3842804 | G4: =C4*F4 -> 248.63806
A5: 43191 | B5: 140 | C5: =B5/1.3 -> 107.69231 | D5: ='ipc empalme ipim'!$B$315 -> 184.2552 | E5: =VLOOKUP(A5,'ipc empalme ipim'!$A:$B,2,FALSE) -> 136.7512 | F5: =D5/E5 -> 1.3473754 | G5: =C5*F5 -> 145.10196
A6: 43221 | B6: 150 | C6: =B6/1.3 -> 115.38462 | D6: ='ipc empalme ipim'!$B$315 -> 184.2552 | E6: =VLOOKUP(A6,'ipc empalme ipim'!$A:$B,2,FALSE) -> 139.5893 | F6: =D6/E6 -> 1.3199808 | G6: =C6*F6 -> 152.30548
A7: 43252 | B7: 264.5 | C7: =B7/1.3 -> 203.46154 | D7: ='ipc empalme ipim'!$B$315 -> 184.2552 | E7: =VLOOKUP(A7,'ipc empalme ipim'!$A:$B,2,FALSE) -> 144.8053 | F7: =D7/E7 -> 1.2724341 | G7: =C7*F7 -> 258.8914
A8: 43282 | B8: 175 | C8: =B8/1.3 -> 134.61538 | D8: ='ipc empalme ipim'!$B$315 -> 184.2552 | E8: =VLOOKUP(A8,'ipc empalme ipim'!$A:$B,2,FALSE) -> 149.2966 | F8: =D8/E8 -> 1.2341554 | G8: =C8*F8 -> 166.1363
A9: 43313 | B9: 131 | C9: =B9/1.3 -> 100.76923 | D9: ='ipc empalme ipim'!$B$315 -> 184.2552 | E9: =VLOOKUP(A9,'ipc empalme ipim'!$A:$B,2,FALSE) -> 155.1034 | F9: =D9/E9 -> 1.1879507 | G9: =C9*F9 -> 119.70888
A10: 43344 | B10: 150 | C10: =B10/1.3 -> 115.38462 | D10: ='ipc empalme ipim'!$B$315 -> 184.2552 | E10: =VLOOKUP(A10,'ipc empalme ipim'!$A:$B,2,FALSE) -> 165.2383 | F10: =D10/E10 -> 1.1150877 | G10: =C10*F10 -> 128.66397
A11: 43374 | B11: 300 | C11: =B11/1.3 -> 230.76923 | D11: ='ipc empalme ipim'!$B$315 -> 184.2552 | E11: =VLOOKUP(A11,'ipc empalme ipim'!$A:$B,2,FALSE) -> 174.1473 | F11: =D11/E11 -> 1.0580422 | G11: =C11*F11 -> 244.16359
A12: 43405 | B12: 263 | C12: =B12/1.3 -> 202.30769 | D12: ='ipc empalme ipim'!$B$315 -> 184.2552 | E12: =VLOOKUP(A12,'ipc empalme ipim'!$A:$B,2,FALSE) -> 179.6388 | F12: =D12/E12 -> 1.0256982 | G12: =C12*F12 -> 207.50664
A13: 43435 | B13: 257 | C13: =B13/1.3 -> 197.69231 | D13: ='ipc empalme ipim'!$B$315 -> 184.2552 | E13: =VLOOKUP(A13,'ipc empalme ipim'!$A:$B,2,FALSE) -> 184.2552 | F13: =D13/E13 -> 1 | G13: =C13*F13 -> 197.69231
A14: Total | B14: =SUM(B2:B13) -> 2305 | C14: =SUM(C2:C13) -> 1773.0769 | G14: =SUM(G2:G13) -> 2134.5249

Sheet PATRIMONIO_2018
A1: Reserva legal | B1: $.Hist. | C1: Indice cierre | D1: Indice origen | E1: Coeficiente | F1: $.Cierre
A2: 43070 | B2: =-ES_INICIO!B15 -> 180 | C2: ='ipc empalme ipim'!$B$315 -> 184.2552 | D2: =VLOOKUP(A2,'ipc empalme ipim'!$A:$B,2,FALSE) -> 124.7956 | E2: =C2/D2 -> 1.4764559 | F2: =B2*E2 -> 265.76206
A3: 43070 | B3: =150*5% -> 7.5 | C3: ='ipc empalme ipim'!$B$315 -> 184.2552 | D3: =VLOOKUP(A3,'ipc empalme ipim'!$A:$B,2,FALSE) -> 124.7956 | E3: =C3/D3 -> 1.4764559 | F3: =B3*E3 -> 11.073419
B4: =B2+B3 -> 187.5 | F4: =F2+F3 -> 276.83548
